 Dungeon Crawl Stone Soup version 0.31-a0-331-geda263fcf1 (webtiles) character file.

Game seed: 15811193245630601893

125 mopl the Changeling (level 5, -8/35 HPs)
             Began as an Octopode Shapeshifter on July 19, 2023.
             Mangled by Grinder (10 damage)
             ... on level 3 of the Dungeon.
             The game lasted 00:02:25 (1525 turns).

mopl the Changeling (Octopode Shapeshifter)         Turns: 1525, Time: 00:02:26

Health: -8/35      AC:  1    Str: 15    XL:     5   Next: 9%
Magic:  5/5        EV: 13    Int: 10    God:
Gold:   107        SH:  0    Dex: 14    Spells: 2/4 levels left

rFire   . .          .
                       - Unarmed
rCold   + . .        (no shield)
rNeg    . . .        (helmet currently unavailable)
rPois   .            (no amulet)
rElec   .            n - ring of protection from cold
rCorr   .            (no ring)
SInv    .            (no ring)
Will    .....        (no ring)
Stlth   ++           (no ring)
HPRegen 0.25/turn    (no ring)
MPRegen 0.09/turn    (no ring)
                     (no ring)

%: no passive effects
@: brilliant, beast-form
A: beast (slay +2), almost no armour, amphibious, 8 rings, camouflage 1,
gelatinous body 1, (nimble swimmer 1), tentacles
a: Begin Untransformation


You were on level 3 of the Dungeon.
You were a hulking beast.
You visited 1 branch of the dungeon, and saw 3 of its levels.

You collected 107 gold pieces.

Inventory:

Missiles
 e - 5 javelins (quivered)
 i - 2 poisoned darts
Jewellery
 n - a ring of protection from cold (left tentacle)
Talismans
 b - a beast talisman
 p - a blade talisman
Scrolls
 c - a scroll of enchant armour {unknown}
 f - 3 scrolls of teleportation
 g - a scroll of identify {unknown}
 j - a scroll of butterflies {unknown}
Potions
 a - a potion of lignification {!q}
 d - a potion of haste {unknown}
 h - a potion of brilliance
 k - a potion of enlightenment {unknown}
 l - a potion of magic {unknown}
 m - a potion of invisibility {unknown}
 o - 2 potions of heal wounds {unknown}


   Skills:
 + Level 2.6 Fighting
 + Level 2.6 Dodging
 * Level 3.3 Unarmed Combat
 * Level 3.8 Shapeshifting


You had 2 spell levels left.
You knew the following spells:

 Your Spells              Type           Power      Damage    Failure   Level
w - Wereblood             Tmut           0%         N/A       50%         2

Your spell library contained the following spells:

 Spells                   Type           Power      Damage    Failure   Level
 Sublimation of Blood     Necr           0%         N/A       50%         2
 Summon Hydra             Summ           0%         N/A       100%        7


Dungeon Overview and Level Annotations

Branches:
Dungeon (3/15)

Altars:
Gozag
Yredelemnul

Annotations:
D:3 Grinder


Innate Abilities, Weirdness & Mutations

You are a hulking beast.
Your limbs bulge with bestial killing power. (Slay +2)
You cannot wear most types of armour.
You are amphibious.
You can wear up to eight rings at the same time.
Your skin changes colour to match your surroundings (Stealth+).
Your rubbery body absorbs attacks. (AC +1, EV +1)
((You are camouflaged when in or above water. (Stealth+)))
You have tentacles for arms and can constrict up to eight enemies at once.


Message History

Found a stone staircase leading down.
Grinder shouts!
You hear an angry hiss.
Grinder blinks!
The goblin shouts!
The goblin barely misses you.
You tentacle-slap the goblin.
You kill the goblin!
Things that are here:
a +0 club; a goblin corpse Grinder blinks!
A frilled lizard comes into view.
Grinder misses you.
You closely miss Grinder. Your grab misses Grinder.
Your squeeze misses Grinder. Grinder hits you!
You tentacle-slap Grinder. You grab Grinder.
Grinder is lightly wounded.
You constrict Grinder. Grinder hits you!
You writhe in agony.
You tentacle-slap Grinder. You squeeze Grinder, but do no damage.
Grinder is lightly wounded.
You constrict Grinder, but do no damage.
The frilled lizard barely misses you. Grinder hits you.
You writhe in agony.
* * * LOW HITPOINT WARNING * * *
Unknown command.
You tentacle-slap Grinder.
Grinder is moderately wounded.
You constrict Grinder. The frilled lizard bites you.
* * * LOW HITPOINT WARNING * * *
Grinder closely misses you.
Unknown command.
You tentacle-slap Grinder.
Grinder is moderately wounded.
You constrict Grinder. The frilled lizard barely misses you. Grinder hits you.
* * * LOW HITPOINT WARNING * * *
You writhe in agony.
* * * LOW HITPOINT WARNING * * *
Unknown command.
It was a potion of brilliance.
You feel clever all of a sudden.
You constrict Grinder. The frilled lizard closely misses you. Grinder hits you!
You die...

.###^# .###.######
##### ...........
...#
###..##########..#
#..#........#..#
#..#.######.#..#
###.[#.#
#.#..########
..<.##.#
#.........).#
###.##.#
###.h######>#
#.##.# #l5# .#
#.#.#.# #..# .#
#..###.# #..# .#
#.#.# ## #..# .#
#.##.# ##.# .# #.#
.# ..# .. #.# #
#.# #.#


You could see Grinder and a frilled lizard.

Vanquished Creatures
  6 adders
  2 worms (D:2)
  3 dart slugs (D:1)
  5 orcs (D:2)
  4 endoplasms
  2 giant cockroaches
  5 goblins
  4 hobgoblins
  2 quokkas
  4 ball pythons
  7 bats
  2 frilled lizards
  4 kobolds
  5 rats
55 creatures vanquished.

Notes
Turn   | Place    | Note
-------+----------+-------------------------------------------
     0 | D:1      | mopl the Octopode Shapeshifter began the quest for the Orb.
     0 | D:1      | Reached XP level 1. HP: 14/14 MP: 1/1
    33 | D:1      | Reached XP level 2. HP: 9/19 MP: 2/2
   365 | D:1      | Reached XP level 3. HP: 24/24 MP: 3/3
   488 | D:1      | Learned a level 2 spell: Wereblood
   589 | D:2      | Reached XP level 4. HP: 22/30 MP: 4/4
   650 | D:2      | Reached skill level 3 in Unarmed Combat
  1113 | D:2      | Found a faded altar of an unknown god.
  1364 | D:3      | Found a basalt altar of Yredelemnul.
  1364 | D:3      | Found an opulent altar of Gozag.
  1465 | D:3      | Reached XP level 5. HP: 35/35 MP: 5/5
  1504 | D:3      | Noticed Grinder
  1524 | D:3      | HP: 1/35 [Grinder (3)]
  1525 | D:3      | Mangled by Grinder

Illustrated notes

Levels and vault maps discovered:
D:1:      pf_arrival_petrified_forest, layout_rooms
D:2:      layout_rooms, hellmonk_ecumenical_altar_defaced_shrine,
          grunt_ministairs_9, hangedman_decor_push
D:3:      layout_loops_ring, nicolae_overflow_two_pavilions, uniq_natasha,
          uniq_grinder

Skill      XL: |  1  2  3  4 |
---------------+-------------+-----
Unarmed Combat | 3 |  3.3
Fighting       | |  2.6
Dodging        | |  2.6
Shapeshifting  | |  3.8

Action                     |  1- 3 |  4- 6 || total
---------------------------+-------+-------++-------
  Melee: Unarmed           |    54 |    51 ||   105
         Constrict         |    20 |    13 ||    33
         Tentacles         |    16 |     8 ||    24
         Punch             |     2 |     1 ||     3
    Use: Scroll            |     1 |       ||     1
         Potion            |       |     1 ||     1
   Stab: Sleeping          |     3 |     4 ||     7
 Armour: Skin              |     5 |     5 ||    10
  Dodge: Dodged            |    30 |    35 ||    65

Table legend: (Time is in decaauts)
 A = Elapsed time spent in this place.
 B = Non-inter-level travel time spent in this place.
 C = Inter-level travel time spent in this place.
 D = Time resting spent in this place.
 E = Time spent auto-exploring this place.
 F = Levels seen in this place.
 G = Mean time per level.
                   A        B        C        D        E       F      G
               +--------+--------+--------+--------+--------+-----+--------+
         Total |   1520 |   1465 |     55 |    200 |    920 |   3 |  506.7 |
       Dungeon |   1520 |   1465 |     55 |    200 |    920 |   3 |  506.7 |
               +--------+--------+--------+--------+--------+-----+--------+

Top non-repeatable levels by time:
     D:2: 830 daAuts
     D:1: 527 daAuts
     D:3: 162 daAuts
